 Dungeon Crawl Stone Soup version 0.30-a0-972-gf3ab3527aa (webtiles) character file.

Game seed: 18291174445993617419

208 Demosthentine the Poker (level 5, -4/36 HPs)
             Began as a Demonspawn Gladiator on Mar 31, 2023.
             Slain by an iguana (11 damage)
             ... on level 4 of the Dungeon.
             The game lasted 00:03:05 (2440 turns).

Demosthentine the Poker (Demonspawn Gladiator)      Turns: 2440, Time: 00:03:05

Health: -4/36      AC:  1    Str: 15 (16) XL:     5   Next: 55%
Magic:  5/5        EV: 12    Int:  8 (10) God:
Gold:   127        SH:  6    Dex: 14      Spells: 4/4 levels left

rFire   . . .      SeeInvis .    a - +1 trident
rCold   . . .      Faith    .    (no shield)
rNeg    . . .      Spirit   .    b - +0 leather armour
rPois   .          Reflect  .    (helmet restricted)
rElec   .          Rampage  .    (no cloak)
rCorr   .                        (no gloves)
Will    .....                    (no boots)
Stlth   +                        (no amulet)
HPRegen 0.26/turn                (no ring)
MPRegen 0.09/turn                (no ring)

@: no status effects
A: antennae 1, large bone plates 2, deformed body, deterioration 2, frail 1,
screaming 1, wild magic 1
a: no special abilities


You were on level 4 of the Dungeon.
You visited 1 branch of the dungeon, and saw 4 of its levels.

You collected 153 gold pieces.
You spent 26 gold pieces at shops.

Inventory:

Hand Weapons
 a - a +1 trident (weapon)
Missiles
 d - 3 throwing nets (quivered)
 e - a javelin
Armour
 b - a +0 leather armour (worn)
 j - a +0 buckler
Scrolls
 i - 2 scrolls of fog
 l - a scroll of blinking
 n - a scroll of enchant weapon
 o - a scroll of identify
Potions
 c - a potion of flight {unknown}
 f - 2 potions of curing
 g - 4 potions of heal wounds
 h - a potion of lignification {unknown}
 k - 2 potions of brilliance
 m - a potion of magic {unknown}


   Skills:
 + Level 3.1 Fighting
 + Level 3.5 Polearms
 - Level 1.7 Throwing
 + Level 1.9 Armour
 + Level 3.5 Dodging
 + Level 1.9 Shields


You had 4 spell levels left.
You didn't know any spells.
Your spell library contained the following spells:

 Spells                   Type           Power      Damage    Failure   Level
 Apportation              Tloc           0%         N/A       56%         1
 Blink                    Tloc           0%         N/A       71%         2
 Frozen Ramparts          Ice            0%         1d1       89%         3
 Ice Form                 Ice/Tmut       0%         N/A       99%         4
 Manifold Assault         Tloc           0%         N/A       99%         4
 Summon Ice Beast         Ice/Summ       0%         N/A       99%         4
 Alistair's Intoxication  Tmut/Pois      0%         N/A       100%        5
 Storm Form               Tmut/Air       0%         N/A       100%        7


Dungeon Overview and Level Annotations

Branches:
Dungeon (4/15)
 Temple: D:4-7

Altars:
Gozag
Nemelex Xobeh

Shops:
D:1 *   D:4 (


Innate Abilities, Weirdness & Mutations

You have a pair of small antennae on your head.
You are mostly covered in large bone plates. (SH +6)
Armour fits poorly on your strangely shaped body.
Your body often deteriorates upon taking damage.
You are frail. (-10% HP)
You occasionally shout uncontrollably at your foes.
Your spells are a little harder to cast, but a little more powerful.


Message History

You see here a scroll of noise.
You see here a scroll of noise.
An iguana and a giant cockroach come into view.
The iguana hisses angrily.
There are monsters nearby!
You hit the iguana.
The iguana is moderately wounded.
You block the iguana's attack. The iguana bites you.
Your body deteriorates!
You feel dopey.
You barely miss the iguana.
The iguana is moderately wounded.
The iguana bites you.
There are monsters nearby!
You puncture the iguana!
The iguana is almost dead.
The giant cockroach bites you. The iguana bites you!
Your body deteriorates!
You feel dopey.
There are monsters nearby!
You are too injured to fight recklessly!
There are monsters nearby!
You are too injured to fight recklessly!
You are too injured to fight recklessly!
There are monsters nearby!
You are too injured to fight recklessly!
Unknown command.
The giant cockroach bites you but does no damage.
You barely miss the giant cockroach. The giant cockroach barely misses you.
You closely miss the giant cockroach.
You block the giant cockroach's attack. x2
You closely miss the giant cockroach. The giant cockroach closely misses you.
You puncture the giant cockroach!
You kill the giant cockroach!
You closely miss the iguana.
The iguana is almost dead.
The iguana bites you!
* * * LOW HITPOINT WARNING * * *
Your body deteriorates!
You feel weakened.
You hit the iguana.
The iguana is almost dead.
The iguana bites you!
You die...

#.# #.# #####.#####
#.........#
...#.####.########.#
#..................#
#.##.######.#.######
..##.# ##.###.#####
..##.# #.## ##.@l.#
...#.# ##.###.###.#
..(... ##.#?##
#.......# ..)#..#
##.## #.###.#.#
..##..# ### #.# ..#
.# #.# ..# # #.. ..#
... ..# ...


You could see an iguana.

Vanquished Creatures
  An ogre (D:4)
  Jessica (D:3)
  3 adders
  A worm (D:2)
  A dart slug (D:3)
  2 orcs (D:3)
  2 ball pythons
  5 bats
  6 endoplasms
  5 giant cockroaches
  4 goblins
  6 hobgoblins
  8 kobolds
  3 quokkas
  6 frilled lizards
  6 rats
60 creatures vanquished.

Vanquished Creatures (others)
  2 plants (D:2)
  3 withered plants (D:2)
5 creatures vanquished.

Grand Total: 65 creatures vanquished

Notes
Turn   | Place    | Note
-------+----------+-------------------------------------------
     0 | D:1      | Demosthentine the Demonspawn Gladiator began the quest for
                  | the Orb.
     0 | D:1      | Reached XP level 1. HP: 16/16 MP: 1/1
   220 | D:1      | Found Sellafiv's General Store.
   278 | D:1      | Gained mutation: You have a pair of small antennae on your
                  | head. [demonic ancestry]
   278 | D:1      | Reached XP level 2. HP: 22/22 MP: 2/2
   800 | D:1      | Bought a scroll of identify for 26 gold pieces
   848 | D:2      | Found a faded altar of an unknown god.
   923 | D:2      | Gained mutation: Your spells are a little harder to cast,
                  | but a little more powerful. [potion of mutation]
   923 | D:2      | Gained mutation: You occasionally lose the ability to read
                  | scrolls when taking damage. [potion of mutation]
   923 | D:2      | Gained mutation: You have sharp toenails. [potion of
                  | mutation]
   926 | D:2      | Reached skill level 1 in Armour
   926 | D:2      | Reached XP level 3. HP: 26/28 MP: 3/3
   951 | D:2      | Lost mutation: You have sharp toenails. [potion of
                  | mutation]
   951 | D:2      | Lost mutation: You occasionally lose the ability to read
                  | scrolls when taking damage. [potion of mutation]
   951 | D:2      | Lost mutation: Your spells are a little harder to cast, but
                  | a little more powerful. [potion of mutation]
   951 | D:2      | Gained mutation: You occasionally shout uncontrollably at
                  | your foes. [potion of mutation]
   951 | D:2      | Gained mutation: Your body sometimes deteriorates upon
                  | taking damage. [potion of mutation]
   951 | D:2      | Gained mutation: You occasionally lose the ability to read
                  | scrolls when taking damage. [potion of mutation]
   951 | D:2      | Gained mutation: Your skin changes colour to match your
                  | surroundings (Stealth+). [potion of mutation]
  1008 | D:2      | Found a sparkling altar of Nemelex Xobeh.
  1053 | D:2      | Reached skill level 1 in Shields
  1061 | D:2      | Lost mutation: You occasionally lose the ability to read
                  | scrolls when taking damage. [potion of mutation]
  1061 | D:2      | Lost mutation: Your skin changes colour to match your
                  | surroundings (Stealth+). [potion of mutation]
  1061 | D:2      | Gained mutation: Your body often deteriorates upon taking
                  | damage. [potion of mutation]
  1061 | D:2      | Gained mutation: Armour fits poorly on your strangely
                  | shaped body. [potion of mutation]
  1061 | D:2      | Gained mutation: You are frail. (-10% HP) [potion of
                  | mutation]
  1061 | D:2      | Gained mutation: Your spells are a little harder to cast,
                  | but a little more powerful. [potion of mutation]
  1677 | D:3      | Gained mutation: You are partially covered in large bone
                  | plates. (SH +4) [demonic ancestry]
  1677 | D:3      | Reached XP level 4. HP: 27/30 MP: 4/4
  1793 | D:3      | Found an opulent altar of Gozag.
  1824 | D:3      | Noticed Jessica
  1831 | D:3      | Killed Jessica
  2306 | D:4      | Noticed an ogre
  2306 | D:4      | Found Neunweqa's Weapon Emporium.
  2352 | D:4      | Killed an ogre
  2353 | D:4      | Gained mutation: You are mostly covered in large bone
                  | plates. (SH +6) [demonic ancestry]
  2353 | D:4      | Reached XP level 5. HP: 36/36 MP: 5/5
  2440 | D:4      | Slain by an iguana

Illustrated notes

Levels and vault maps discovered:
D:1:      scummos_arrival_simple_fountains, layout_loops_cross, serial_shops,
          shop_fountains
D:2:      layout_basic, shapermc_ecumenical_altar_flowoftime, basic_altar
D:3:      layout_basic, grunt_gozag_statues, hangedman_decor_opposing,
          chequers_serial_rivers_micro_e, uniq_jessica
D:4:      layout_loops_ring, nicolae_kikubaaqudgha_miasma_corner,
          nicolae_sif_muna_condensation, serial_shops, nicolae_stop_n_shop_1

Skill      XL: |  1  2  3  4 |
---------------+-------------+-----
Dodging        | 3 |  3.5
Polearms       | 3 |  3.5
Armour         | 1 |  1.9
Shields        | 1 |  1.9
Fighting       | 3 |  3.1
Throwing       | |  1.7

Action                     |  1- 3 |  4- 6 || total
---------------------------+-------+-------++-------
  Melee: Trident           |   169 |    50 ||   219
         Punch             |     2 |       ||     2
  Throw: Throwing net      |       |     1 ||     1
    Use: Scroll            |    10 |       ||    10
         Potion            |     4 |       ||     4
   Stab: Sleeping          |     5 |       ||     5
         Held in net/web   |       |     1 ||     1
 Armour: Leather armour    |    24 |     3 ||    27
  Dodge: Dodged            |    74 |    15 ||    89
  Block: Other             |       |     7 ||     7

Table legend: (Time is in decaauts)
 A = Elapsed time spent in this place.
 B = Non-inter-level travel time spent in this place.
 C = Inter-level travel time spent in this place.
 D = Time resting spent in this place.
 E = Time spent auto-exploring this place.
 F = Levels seen in this place.
 G = Mean time per level.
                   A        B        C        D        E       F      G
               +--------+--------+--------+--------+--------+-----+--------+
         Total |   2472 |   2408 |     64 |     53 |   1861 |   4 |  618.0 |
       Dungeon |   2472 |   2408 |     64 |     53 |   1861 |   4 |  618.0 |
               +--------+--------+--------+--------+--------+-----+--------+

Top non-repeatable levels by time:
     D:3: 867 daAuts
     D:1: 832 daAuts
     D:2: 671 daAuts
     D:4: 101 daAuts
